 Dungeon Crawl Stone Soup version 0.32-a0-898-g7811c86cf0 (webtiles) character file.

Game seed: 16797294424289902559

106 Biggs the Shooter (level 4, -4/33 HPs)
             Began as a Coglin Hunter on Apr 4, 2024.
             Slain by a kobold brigand
             ... wielding a +0 club
              (8 damage)
             ... in a sewer.
             The game lasted 00:01:54 (1404 turns).

Biggs the Shooter (Coglin Hunter)                   Turns: 1404, Time: 00:01:55

Health: -4/33      AC:  3    Str: 11    XL:     4   Next: 84%
Magic:  4/4        EV: 11    Int:  8    God:
Gold:   180        SH:  0    Dex: 20    Spells: 3/3 levels left

rFire   . . .        a - +2 sling {Huemac}
rCold   . . .        d - +0 sling {Eunkyung}
rNeg    . . .        c - +0 leather armour
rPois   .            (no helmet)
rElec   .            (no cloak)
rCorr   .            (no gloves)
SInv    .            (no boots)
Will    .....        (amulet unavailable)
Stlth   ++           (ring unavailable)
HPRegen 0.25/turn    (ring unavailable)
MPRegen 0.09/turn    (no gizmo)

%: no passive effects
@: slowed, revved, very slow
A: off-hand wielding, slow wielding, warmup strikes, no jewellery
a: Invent Gizmo


You were in a sewer.
You visited 1 branch of the dungeon, and saw 3 of its levels.
You also visited: Sewer.

You collected 180 gold pieces.

Inventory:

Hand Weapons
 a - a +2 sling (weapon) {Huemac}
 d - a +0 sling (offhand) {Eunkyung}
Armour
 c - a +0 leather armour (worn)
Scrolls
 b - a scroll of butterflies
 e - a scroll of vulnerability {unknown}
 f - a scroll of identify {unknown}
 h - 4 scrolls of teleportation {unknown}
 m - a scroll of noise {unknown}
 o - a scroll of fear {unknown}
 p - a scroll of fog {unknown}
Potions
 g - a potion of curing
 i - a potion of degeneration {unknown}
 j - 2 potions of attraction {unknown}
 k - a potion of heal wounds {unknown}
 l - a potion of resistance {unknown}
 n - a potion of mutation {unknown}


   Skills:
 - Level 2.0 Fighting
 + Level 5.5 Ranged Weapons
 - Level 1.7 Dodging
 - Level 0.7 Stealth


You had 3 spell levels left.
You didn't know any spells.
Your spell library contained the following spells:

 Spells                   Type           Power      Damage    Failure   Level
 Kiss of Death            Conj/Necr      0%         2d5       50%         1
 Call Imp                 Summ           0%         N/A       65%         2
 Mercury Vapours          Alch/Air       0%         N/A       65%         2
 Sublimation of Blood     Necr           0%         N/A       65%         2
 Confusing Touch          Hex            0%         N/A       86%         3
 Inner Flame              Hex/Fire       0%         N/A       86%         3
 Mephitic Cloud           Conj/Alch/Air  0%         N/A       86%         3
 Dispel Undead            Necr           0%         3d6       99%         4
 Freezing Cloud           Conj/Ice/Air   0%         6-21      100%        5
 Irradiate                Conj/Alch      0%         3d11      100%        5
 Summon Hydra             Summ           0%         N/A       100%        7
 Ignition                 Fire           0%         3d3       100%        8


Dungeon Overview and Level Annotations

Branches:
Dungeon (3/15)              Sewer (1/1)

Altars:
Kikubaaqudgha

Shops:
D:1 [


Innate Abilities, Weirdness & Mutations

You can wield a second weapon in your off-hand.
It takes a long time for you to wield or remove held weapons.
Your first few attacks do less damage.
You cannot equip rings or amulets.


Message History

You feel as though you will be slow longer.
The kobold throws a stone.
The stone hits you.
The kobold brigand throws a curare-tipped dart.
The curare-tipped dart hits you.
You are more poisoned.
You have difficulty breathing.
* * * LOW HITPOINT WARNING * * *
You feel as though you will be slow longer.
You are too injured to fight recklessly!
Unknown command.
You are too injured to fight recklessly!
It was a potion of curing.
You feel better.
Unknown command.
You are too injured to fight recklessly!
Unknown command.
You are too injured to fight recklessly!
Unknown command.
Fire: a) +2 sling {Huemac}
Press: ? - help, Q - select action Shift-Dir - straight line, f/p - kobold brigand
Aim: a kobold brigand, wielding a +0 club and quivering curare-tipped darts (moderately wounded, 59% to hit)
You shoot a sling bullet.
The sling bullet barely misses the kobold brigand.
The sling bullet closely misses the kobold.
You shoot a sling bullet.
The sling bullet hits the kobold brigand!
The kobold brigand is severely wounded.
Fire: a) +2 sling {Huemac}
Press: ? - help, Q - select action Shift-Dir - straight line, f/p - kobold brigand
Aim: a kobold brigand, wielding a +0 club and quivering curare-tipped darts (severely wounded, 59% to hit)
You shoot a sling bullet.
The sling bullet hits the kobold brigand.
The kobold brigand is severely wounded.
You shoot a sling bullet.
The sling bullet hits the kobold brigand.
The kobold brigand is almost dead.
The kobold brigand hits you with a +0 club!
* * * LOW HITPOINT WARNING * * *
The kobold misses you.
The kobold brigand hits you with a +0 club!
You die...

~~≈~~≈≈≈≈≈≈≈≈≈≈≈≈≈≈≈≈
~≈≈≈≈≈≈≈≈≈≈≈≈≈≈≈≈≈≈≈≈
~≈≈≈≈≈≈≈≈≈≈≈≈≈≈≈≈≈≈≈
≈~≈≈≈≈≈≈≈≈≈≈≈≈≈≈≈≈≈
~≈≈≈~~≈≈~≈~~≈≈≈≈≈# # #
.~.~~~..~.~~≈~≈~≈# .#..#
...........~~.~~K#.....#
.......†........@KK...#
....##..†........#.....#
...#####........## .#..#
#...######...#### # #
###..∩# ##### #####


You could see a kobold brigand and 2 kobolds.

Vanquished Creatures
  A river rat (Sewer)
  2 adders
  2 dart slugs (D:1)
  2 orcs (D:3)
  5 endoplasms
  3 giant cockroaches (D:1)
  8 goblins
  10 hobgoblins
  A jackal (D:1)
  7 kobolds
  4 quokkas
  3 ball pythons
  10 bats
  2 frilled lizards
  6 rats
66 creatures vanquished.

Notes
Turn   | Place    | Note
-------+----------+-------------------------------------------
     0 | D:1      | Biggs the Coglin Hunter began the quest for the Orb.
     0 | D:1      | Reached XP level 1. HP: 16/16 MP: 1/1
    36 | D:1      | Reached skill level 4 in Ranged Weapons
    36 | D:1      | Reached XP level 2. HP: 15/22 MP: 2/2
   196 | D:1      | Reached XP level 3. HP: 27/27 MP: 3/3
   207 | D:1      | Found Uquzue's Armour Shop.
   380 | D:1      | Found a faded altar of an unknown god.
   737 | D:2      | Reached skill level 5 in Ranged Weapons
   737 | D:2      | Reached XP level 4. HP: 33/33 MP: 4/4
   773 | D:2      | Found an ancient bone altar of Kikubaaqudgha.
  1335 | D:3      | Found a glowing drain.
  1360 | Sewer    | Entered a sewer
  1398 | Sewer    | Noticed a kobold brigand
  1404 | Sewer    | Slain by a kobold brigand

Illustrated notes

Levels and vault maps discovered:
D:1:      erik_arrival_cave_to_civilisation [erik_arrival_cave_to_hall],
          layout_rooms, basic_ecumenical_altar, serial_shops,
          nicolae_shop_stone, minmay_pentomino_v2
D:2:      kennysheep_big_flooded_room, layout_loops_ring, basic_altar
D:3:      layout_loops_ring, cheibrodos_sewer_entry_sluice, serial_shops, shop,
          amcnicky_mini_pool_small
Sewer:    sewer_minmay_treatment

Skill      XL: |  1  2  3 |
---------------+----------+-----
Ranged Weapons | 4 5 |  5.5
Fighting       | |  2.0
Dodging        | |  1.7
Stealth        | |  0.7

Action                     |  1- 3 |  4- 6 || total
---------------------------+-------+-------++-------
   Fire: Sling             |   134 |   128 ||   262
    Use: Potion            |       |     1 ||     1
 Armour: Leather armour    |    10 |    13 ||    23
  Dodge: Dodged            |     9 |     9 ||    18

Table legend: (Time is in decaauts)
 A = Elapsed time spent in this place.
 B = Non-inter-level travel time spent in this place.
 C = Inter-level travel time spent in this place.
 D = Time resting spent in this place.
 E = Time spent auto-exploring this place.
 F = Levels seen in this place.
 G = Mean time per level.
                   A        B        C        D        E       F      G
               +--------+--------+--------+--------+--------+-----+--------+
         Total |   1434 |   1410 |     24 |      0 |   1145 |   4 |  358.5 |
       Dungeon |   1385 |   1361 |     24 |      0 |   1117 |   3 |  461.7 |
         Sewer |     48 |     48 |      0 |      0 |     28 |   1 |   48.0 |
               +--------+--------+--------+--------+--------+-----+--------+

Top non-repeatable levels by time:
     D:1: 597 daAuts
     D:2: 540 daAuts
     D:3: 247 daAuts
   Sewer: 48 daAuts
